 Dungeon Crawl Stone Soup version 0.21-a0-426-g98080a9 (webtiles) character file.

1196 KristoblXynda the Shield-Bearer (level 8, -3/63 HPs)
             Began as a Pale Draconian Fighter on Nov 7, 2017.
             Was an Initiate of Cheibriados.
             Shot with an arrow by a tengu warrior (10 damage)
             ... on level 5 of the Dungeon.
             The game lasted 00:13:33 (4171 turns).

KristoblXynda the Shield-Bearer (DrFi)              Turns: 4171, Time: 00:13:35

Health: -3/63      AC: 11    Str: 25    XL:     8   Next: 20%
Magic:  8/8        EV: 19    Int: 11    God:    Cheibriados [......]
Gold:   78         SH: 11    Dex: 17    Spells: 7/7 levels left

rFire    . . .     SeeInvis .   a - +0 long sword
rCold    + . .     Gourm    .   b - +0 shield
rNeg     . . .     Faith    .   (armour unavailable)
rPois    .         Spirit   .   (helmet restricted)
rElec    .         Reflect  .   v - +1 cloak
rCorr    .         Harm     .   x - +2 pair of gloves
MR       .....                  (no boots)
Stlth    +++.......             (no amulet)
HPRegen  0.20/turn              h - ring of protection from cold
MPRegen  0.11/turn              (no ring)

@: mighty, agile, short of breath, very slightly contaminated, very slow
A: breathe steam, unfitting armour, cold-blooded, AC +6
a: Breathe Steam, Bend Time, Renounce Religion


You were on level 5 of the Dungeon.
You worshipped Cheibriados.
Cheibriados was noncommittal.
You were not hungry.

You visited 1 branch of the dungeon, and saw 5 of its levels.

You collected 227 gold pieces.
You spent 149 gold pieces at shops.

Inventory:

Hand Weapons
 a - a +0 long sword (weapon)
Armour
 b - a +0 shield (worn)
 v - a +1 cloak (worn)
 x - a +2 pair of gloves (worn)
Jewellery
 h - a ring of protection from cold (left hand)
Wands
 s - a wand of disintegration (9/24)
Scrolls
 f - 4 scrolls of teleportation
 i - a scroll of enchant armour
 m - 2 scrolls of fog
 q - a scroll of recharging
 r - a scroll of identify
 u - a scroll of blinking
Potions
 e - a potion of flight
 k - a potion of cancellation
 n - a potion of curing
 w - a potion of magic
Comestibles
 d - 4 bread rations
 g - 7 meat rations
 l - 7 fruits
 p - a royal jelly


   Skills:
 - Level 3.2 Fighting
 + Level 5.9 Long Blades
 + Level 5.8 Dodging
 + Level 6.4 Shields


You had 7 spell levels left.
You didn't know any spells.

Dungeon Overview and Level Annotations

Branches:
Dungeon (5/15)
 Temple: D:4-7

Altars:
Cheibriados
Elyvilon
Gozag
Nemelex Xobeh
Ru
Sif Muna
Trog
Uskayaw
Vehumet

Shops:
D:2 *   D:4 =:[%

Annotations:
D:5 1 transporter


Innate Abilities, Weirdness & Mutations

You can breathe blasts of scalding, opaque steam.
Your pale cyan-grey scales are hard. (AC +6)
You cannot fit into any form of body armour.
You are cold-blooded and may be slowed by cold attacks.


Message History

Cheibriados welcomes you!
Cheibriados begins to support your attributes as your movement slows.
You can now bend time to slow others.
The tengu warrior hits you with an uncursed war axe.
* * * LOW HITPOINT WARNING * * *
The tengu warrior pecks you.
* * * LOW HITPOINT WARNING * * *
You block the tengu warrior's attack. The hungry ghost barely misses you.
You riposte.
You slash the hungry ghost!
Your tail-slap misses the hungry ghost.
The hungry ghost is moderately damaged.
Blink to where?
Press: ? - help, Dir - move target cursor, p - tengu warrior You are very lightly contaminated with residual magic.
As you read the scroll labeled QIPLOIHELU, it crumbles to dust.
It was a scroll of blinking.
The tengu warrior unwields an uncursed war axe.
The tengu warrior wields an uncursed longbow.
The tengu warrior shoots an arrow.
The arrow hits you!
You die...

#####.##.##.......##.#.#
#..#.#8.#$..#.8#.#.#
##.#.#...#.#.%$#.#.#
#...#.......!_#...#
#..©#..©....Q_#©..#
##..#.......W§#..##
##.#...#)#.l$#.##
#.#8.#...#.8#.#
#.##@..©...##.#
#..#########..#
##...........##
#############


You could see a tengu warrior and a leopard gecko.

Vanquished Creatures
  Pikel (D:5)
  Edmund (D:4)
  4 slaves
  A phantom (D:4)
  A howler monkey (D:4)
  A crimson imp (D:5)
  A hound (D:5)
  3 orc wizards (D:3)
  A bullfrog skeleton (D:5)
  A worker ant (D:4)
  Natasha (twice) (D:4)
  2 iguanas
  A hound zombie (D:5)
  Robin (D:3)
  A howler monkey skeleton (D:4)
  6 adders
  4 gnolls (D:4)
  An adder skeleton (D:4)
  2 worms
  2 dart slugs
  5 leopard geckos
  12 orcs (D:3)
  4 giant cockroaches
  14 goblins
  8 hobgoblins
  2 quokkas (D:4)
  A ball python (D:5)
  7 bats
  6 frilled lizards
  A giant cockroach zombie (D:5)
  7 kobolds
  A leopard gecko skeleton (D:5)
  10 rats
115 creatures vanquished.

Notes
Turn   | Place    | Note
-------+----------+-------------------------------------------
     0 | D:1      | KristoblXynda the Draconian Fighter began the quest for the Orb.
     0 | D:1      | Reached XP level 1. HP: 19/19 MP: 1/1
   147 | D:1      | Reached XP level 2. HP: 26/26 MP: 2/2
   902 | D:2      | Reached XP level 3. HP: 30/31 MP: 3/3
  1066 | D:2      | Found Gozag's Platinum Reserve.
  1069 | D:2      | Found an opulent altar of Gozag.
  1899 | D:3      | Found a deep blue altar of Sif Muna.
  1929 | D:3      | Reached XP level 4. HP: 38/38 MP: 4/4
  2034 | D:3      | Reached skill level 4 in Shields
  2034 | D:3      | Reached XP level 5. HP: 44/45 MP: 5/5
  2083 | D:3      | Found a bloodstained altar of Trog.
  2119 | D:3      | Noticed Robin
  2160 | D:3      | Killed Robin
  2321 | D:3      | Found a radiant altar of Vehumet.
  2640 | D:4      | Found Xastrocukk's Food Shoppe.
  2646 | D:4      | Noticed a phantom
  2704 | D:4      | Killed a phantom
  2704 | D:4      | Reached XP level 6. HP: 18/51 MP: 6/6
  3045 | D:4      | Found Potrac's Jewellery Shoppe.
  3063 | D:4      | Found a sparkling altar of Nemelex Xobeh.
  3066 | D:4      | Noticed Edmund
  3080 | D:4      | Killed Edmund
  3080 | D:4      | Reached skill level 5 in Shields
  3080 | D:4      | Your scales start taking on a pale cyan-grey colour.
  3080 | D:4      | Reached XP level 7. HP: 41/57 MP: 7/7
  3139 | D:4      | Found Yqiynwai's Book Shoppe.
  3181 | D:4      | Found Uhugibbu's Armour Shop.
  3184 | D:4      | Bought a +1 cloak for 149 gold pieces
  3206 | D:4      | Found a sacrificial altar of Ru.
  3344 | D:4      | Noticed Natasha
  3366 | D:4      | Killed Natasha
  3567 | D:4      | Noticed Natasha
  3576 | D:4      | Killed Natasha
  3644 | D:5      | Entered Level 5 of the Dungeon
  3644 | D:5      | Noticed Pikel
  3678 | D:5      | Found a hide-covered altar of Uskayaw.
  3679 | D:5      | Found a white marble altar of Elyvilon.
  3679 | D:5      | Noticed a hungry ghost
  3700 | D:5      | Reached skill level 5 in Dodging
  3700 | D:5      | Killed Pikel
  3700 | D:5      | Reached skill level 5 in Long Blades
  3700 | D:5      | Reached skill level 6 in Shields
  3700 | D:5      | Reached XP level 8. HP: 47/63 MP: 8/8
  3706 | D:5      | Found a snail-covered altar of Cheibriados.
  3706 | D:5      | Noticed a tengu warrior
  3715 | D:5      | Found a transporter.
  3743 | D:5      | Found a transporter.
  4170 | D:5      | Became a worshipper of Cheibriados the Contemplative
  4171 | D:5      | Shot with an arrow by a tengu warrior

Vault maps used:
D:1:      minmay_arrival_pointy
D:2:      first_bread, nicolae_gozag_zags_fifth_avenue
D:3:      lightli_temple_of_fire, nicolae_overflow_crystal_walls,
          vehumet_crystals, gup_sewer_entry_bubbles, uniq_robin
D:4:      nicolae_ru_the_path_less_chosen, serial_shops, shop, shop, shop,
          nicolae_shop_stone, hangedman_decor_diamond_cutter,
          nemelex_altar_shiori, uniq_edmund, uniq_natasha
D:5:      gammafunk_temple_overflow_arena, uniq_pikel

Skill      XL: |  1  2  3  4  5  6  7 |
---------------+----------------------+-----
Dodging        | 3 4 5 |  5.8
Long Blades    | 3 4 5 |  5.9
Shields        | 4 5 6 |  6.4
Fighting       | |  3.2

Action                   |  1- 3 |  4- 6 |  7- 9 || total
-------------------------+-------+-------+-------++-------
Melee: Long sword        |   155 |   208 |    79 ||   442
       Tailslap          |    12 |    32 |    10 ||    54
 Abil: Breathe Steam     |       |       |     4 ||     4
  Use: Scroll            |    10 |     2 |     3 ||    15
       Potion            |       |     2 |     2 ||     4
  Eat: Chunk             |     2 |     3 |     4 ||     9
       Fruit             |     1 |       |       ||     1
       Royal jelly       |       |     1 |       ||     1
Armor: Skin              |    57 |    73 |    24 ||   154
Dodge: Dodged            |    70 |   103 |    57 ||   230
Block: Shield            |    95 |   118 |    45 ||   258
       Rpst.: Long sword |    16 |    38 |    16 ||    70

Table legend:
 A = Spawn XP
 B = Non-spawn XP
 C = Spawn XP percentage of total XP
 D = Spawn monster count
 E = Non-spawn monster count
 F = Spawn count percentage of total count
 G = Total turns spent on level
                    A         B        C        D         E        F      G
               +---------+---------+-------+---------+---------+-------+---------
         Total |       0 |    1709 |   0.0 |       0 |     111 |   0.0 |  4171
               +---------+---------+-------+---------+---------+-------+---------
           D:1 |       0 |      34 |   0.0 |       0 |      21 |   0.0 |   761
           D:2 |       0 |      28 |   0.0 |       0 |       9 |   0.0 |   897
           D:3 |       0 |     255 |   0.0 |       0 |      52 |   0.0 |   958
           D:4 |       0 |     570 |   0.0 |       0 |      17 |   0.0 |  1056
           D:5 |       0 |     822 |   0.0 |       0 |      12 |   0.0 |   499
               +---------+---------+-------+---------+---------+-------+---------
